Crunch vs Checkers (R1)

Created - December 11, 2024 at 22:06

Goals
1 2 3 OT1 T
Crunch 0 1 2 1 4
Checkers 0 1 2 0 3
Shots
1 2 3 OT1 T
Crunch 7 10 12 5 34
Checkers 7 7 10 2 26

1st period

No Goal

Penalties :
Mitchell Heard (Cha) for Cross-checking (Minor) at 16:17, John Draeger (Cha) for Hooking (Minor) at 19:49

2nd period

1. Crunch , Gustav Lindstrom 1 (Connor Bunnaman 7, Anatoli Golyshev 7) at 0:34 (PP)
2. Checkers , Brett Pollock 1 (Shane Bowers 3, Kirill Marchenko 4) at 5:50

Penalties :
Dylan Gambrell (Cha) for Cross-checking (Minor) at 8:13, Kale Clague (Cha) for Interference (Minor) at 12:53, Brandon Biro (Syr) for High sticking (Minor) at 15:27, Anatoli Golyshev (Syr) for Cross-checking (Minor) at 16:13, Brett Pollock (Cha) for Holding (Minor) at 18:32, Maxime Comtois (Syr) for Boarding (Minor) at 18:39

3rd period

3. Checkers , Timothy Liljegren 4 (Nick Abruzzese 10) at 8:24 (PP)
4. Crunch , Jeremy Bracco 13 (Jean-Sebastien Dea 16) at 13:51 (PP)
5. Checkers , Roberts Lipsbergs 7 (Mitchell Heard 5, Kale Clague 8) at 14:21
6. Crunch , Liam Foudy 3 (Gustav Lindstrom 9, Dylan Cozens 9) at 17:53

Penalties :
Anatoli Golyshev (Syr) for Delaying the game (Minor) at 8:18, Viktor Baldayev (Cha) for Holding (Minor) at 9:50, Michael Anderson (Cha) for Elbowing (Minor) at 13:41, Jean-Sebastien Dea (Syr) for Slashing (Minor) at 14:29, Brandon Biro (Syr) for Delaying the game (Minor) at 18:04

Overtime #1

7. Crunch , Connor Bunnaman 9 (Jeremy Bracco 10, Ryan Lindgren 5) at 3:29

Penalties :
No Penalty

Goalie Stats

Ukko-Pekka Luukkonen (Syr), 23 saves from 26 shots - (0.885), W, 5-5-2, 63:29 minutes
Joseph Woll (Cha), 30 saves from 34 shots - (0.882), OTL, 8-6-2, 63:29 minutes

Players Stats for Crunch

Player Name              G  A  P  +/- PIM S  H  SB GA TA FO     MP     PP MP  PK MP  
------------------------------------------------------------------------------------
Adam Boqvist             0  0  0   0  0   0  1  0  0  1  0/0    18:56   3:51   2:20 
Anatoli Golyshev         0  1  1   0  4   9  1  1  1  0  0/2    19:44   3:45   2:27 
Brandon Biro             0  0  0   1  4   2  0  0  0  0  0/0    11:43   0:00   0:28 
Cam Hillis               0  0  0   0  0   0  0  0  0  0  1/2     7:31   0:00   0:12 
Connor Bunnaman          1  1  2   1  0   3  2  0  1  0  4/5    18:11   3:45   0:57 
Dylan Cozens             0  1  1   1  0   0  1  0  2  0  1/3    12:28   0:03   1:23 
Gustav Lindstrom         1  1  2  -1  0   2  1  2  0  0  0/0    29:41   5:07   4:36 
Jean-Sebastien Dea       0  1  1  -2  2   2  0  0  2  1  18/36  23:22   5:10   3:03 
Jeremy Bracco            1  1  2  -1  0   3  2  0  0  0  2/3    18:45   5:06   0:00 
Joe Veleno               0  0  0   0  0   0  0  0  0  0  1/1     8:48   0:12   0:39 
Liam Foudy               1  0  1   1  0   4  2  0  3  0  0/0    11:07   0:00   0:00 
Maxime Comtois           0  0  0  -2  2   2  3  1  2  0  0/1    22:12   5:00   3:25 
Michael Joly             0  0  0   0  0   2  2  0  0  0  0/0    15:54   3:45   0:00 
Nils Lundkvist           0  0  0   0  0   1  2  1  0  0  0/0    19:53   3:51   2:20 
Ryan Lindgren            0  1  1   0  0   2  1  3  0  0  0/0    31:40   5:07   4:36 
Scott Perunovich         0  0  0   0  0   0  0  0  0  0  0/0    11:52   0:00   0:00 
Thomas Harley            0  0  0   0  0   1  1  1  1  0  0/0    11:52   0:00   0:00 
Ty Dellandrea            0  0  0   0  0   1  0  0  0  0  0/0     7:24   0:07   0:00 

Players Stats for Checkers

Player Name              G  A  P  +/- PIM S  H  SB GA TA FO     MP     PP MP  PK MP  
------------------------------------------------------------------------------------
Andrei Svechnikov        0  0  0   0  0   2  2  0  0  1  1/2    18:37   3:49   0:00 
Austin Poganski          0  0  0   0  0   0  0  0  0  0  0/0    13:46   0:04   2:01 
Brett Pollock            1  0  1   1  2   3  1  0  0  0  0/0    12:42   0:10   1:56 
Dylan Gambrell           0  0  0   0  2   1  4  0  0  1  13/25  21:44   3:48   3:00 
Grigori Denisenko        0  0  0  -1  0   0  8  2  0  0  0/0    16:07   3:00   0:00 
John Draeger             0  0  0   0  2   2  0  1  0  1  0/0    11:36   0:00   1:13 
Jordan Harris            0  0  0   0  0   1  0  1  0  2  0/0    17:58   2:24   1:58 
Kale Clague              0  1  1  -1  2   1  0  3  0  5  0/0    21:24   0:44   1:56 
Kirill Marchenko         0  1  1   0  0   1  1  0  0  0  0/0    12:42   3:00   0:00 
Michael Anderson         0  0  0   1  2   0  0  1  0  0  0/0    22:02   4:21   2:47 
Mitchell Heard           0  1  1   0  2   0  2  0  0  1  6/12   13:57   0:04   4:04 
Nick Abruzzese           0  1  1   0  0   3  1  0  0  0  3/8    16:18   3:00   1:44 
Patrick Brown            0  0  0  -1  0   6  0  0  0  0  2/5    22:24   3:41   5:01 
Roberts Lipsbergs        1  0  1   0  0   1  0  0  0  0  0/0    10:14   0:00   0:02 
Shane Bowers             0  1  1   1  0   1  3  0  0  0  1/1     9:46   0:00   0:10 
Timothy Liljegren        1  0  1   1  0   3  2  5  2  1  0/0    29:39   4:38   5:57 
Tyce Thompson            0  0  0   1  0   1  1  0  0  0  0/0     9:21   0:00   0:00 
Viktor Baldayev          0  0  0   0  2   0  1  3  0  0  0/0    18:09   1:37   4:03 

3 Stars

1 - Connor Bunnaman (Syr)
2 - Timothy Liljegren (Cha)
3 - Liam Foudy (Syr)

Power Play

Crunch - 2 on 7 Attempt(s) - 28.57%
Checkers - 1 on 6 Attempt(s) - 16.67%

Penalty Kill

Crunch - 5 on 6 Attempt(s) - 83.33% - Score 0 goal in Penalty Kill
Checkers - 5 on 7 Attempt(s) - 71.43% - Score 0 goal in Penalty Kill

Team Stat

Crunch - Hits : 19 - Faceoff Wins : 27 - Blocked Shots : 9 - Penalty Minutes : 12
Checkers - Hits : 26 - Faceoff Wins : 26 - Blocked Shots : 16 - Penalty Minutes : 14

Official

Referees : Jean Hebert and Ian Walsh
Linesman : Pierre Racicot and Steve Barton

Game Notes

John Draeger is injured at 8:17 of 2nd period (Left Knee)

Finance

Level 1 -- Attendance: 1755 (87.75%) -- Ticket Income $122,850
Level 2 -- Attendance: 932 (93.20%) -- Ticket Income $37,280
Total Attendance: 2687 (89.57%)
Total Ticket Income: $160,130
Other Income: $8,006
Total Income: $168,136

Crunch

5 vs 5 Forward 
   Center                   Left Wing                Right Wing               Time % Phy DF OF 
 1 Jean-Sebastien Dea       Maxime Comtois           Jeremy Bracco            40     1   2  2  
 2 Connor Bunnaman          Anatoli Golyshev         Michael Joly             30     1   2  2  
 3 Dylan Cozens             Brandon Biro             Liam Foudy               20     1   2  2  
 4 Cam Hillis               Joe Veleno               Ty Dellandrea            10     1   2  2  

5 vs 5 Defense 
   Defense                  Defense                                           Time % Phy DF OF 
 1 Ryan Lindgren            Gustav Lindstrom                                  40     1   2  2  
 2 Nils Lundkvist           Adam Boqvist                                      30     1   2  2  
 3 Scott Perunovich         Thomas Harley                                     20     1   2  2  
 4 Ryan Lindgren            Gustav Lindstrom                                  10     1   2  2  

PowerPlay Forward 
   Center                   Left Wing                Right Wing               Time % Phy DF OF 
 1 Jean-Sebastien Dea       Maxime Comtois           Jeremy Bracco            60     1   2  2  
 2 Connor Bunnaman          Anatoli Golyshev         Michael Joly             40     1   2  2  

PowerPlay Defense
   Defense                  Defense                                           Time % Phy DF OF 
 1 Ryan Lindgren            Gustav Lindstrom                                  60     1   2  2  
 2 Nils Lundkvist           Adam Boqvist                                      40     1   2  2  

Penalty Kill 4 Players Forward 
   Center                   Wing                     Time % Phy DF OF 
 1 Jean-Sebastien Dea       Maxime Comtois           60     1   2  2  
 2 Connor Bunnaman          Anatoli Golyshev         40     1   2  2  

Penalty Kill 4 Players Defense
   Defense                  Defense                  Time % Phy DF OF 
 1 Ryan Lindgren            Gustav Lindstrom         60     1   2  2  
 2 Nils Lundkvist           Adam Boqvist             40     1   2  2  

Penalty Kill - 3 Players Forward 
   Forward                                           Time % Phy DF OF 
 1 Jean-Sebastien Dea                                60     1   2  2  
 2 Connor Bunnaman                                   40     1   2  2  

Penalty Kill - 3 Players Defense
   Defense                  Defense                  Time % Phy DF OF 
 1 Ryan Lindgren            Gustav Lindstrom         60     1   2  2  
 2 Nils Lundkvist           Adam Boqvist             40     1   2  2  

4 vs 4 Forward 
   Center                   Wing                     Time % Phy DF OF 
 1 Jean-Sebastien Dea       Maxime Comtois           60     1   2  2  
 2 Connor Bunnaman          Anatoli Golyshev         40     1   2  2  

4 vs 4 Defense
   Defense                  Defense                  Time % Phy DF OF 
 1 Ryan Lindgren            Gustav Lindstrom         60     1   2  2  
 2 Nils Lundkvist           Adam Boqvist             40     1   2  2  

Last Minutes Offensive
   Center                   Left Wing                Right Wing               Defense                  Defense                  
   Jean-Sebastien Dea       Maxime Comtois           Jeremy Bracco            Ryan Lindgren            Gustav Lindstrom         

Last Minutes Defensive
   Center                   Left Wing                Right Wing               Defense                  Defense                  
   Jean-Sebastien Dea       Maxime Comtois           Jeremy Bracco            Ryan Lindgren            Gustav Lindstrom         

Goaltenders
Starting : Ukko-Pekka Luukkonen     
Backup : Kaapo Kahkonen           

Extra Forwards
Normal : Anatoli Golyshev, Michael Joly, Liam Foudy - PP : Anatoli Golyshev, Michael Joly - PK : Anatoli Golyshev
Extra Defensemen
Normal : Adam Boqvist, Scott Perunovich, Thomas Harley - PP : Adam Boqvist - PK : Adam Boqvist, Scott Perunovich
Penalty Shots
Jean-Sebastien Dea, Maxime Comtois, Jeremy Bracco, Connor Bunnaman, Anatoli Golyshev
Custom OT Lines Forwards
Jean-Sebastien Dea, Maxime Comtois, Jeremy Bracco, Connor Bunnaman, Anatoli Golyshev, Michael Joly, Liam Foudy, Brandon Biro, Ty Dellandrea, Joe Veleno
Custom OT Lines Defensemen
Ryan Lindgren, Gustav Lindstrom, Nils Lundkvist, Adam Boqvist, Scott Perunovich

Scratches
Blake Lizotte (Healthy), Michael Downing (Healthy), Sean Walker (Healthy), Blake Hillman (Healthy), Lukas Dostal (Healthy)
Josef Korenar (Healthy)

Checkers

5 vs 5 Forward 
   Center                   Left Wing                Right Wing               Time % Phy DF OF 
 1 Dylan Gambrell           Andrei Svechnikov        Patrick Brown            40     0   2  3  
 2 Nick Abruzzese           Grigori Denisenko        Austin Poganski          30     0   2  3  
 3 Mitchell Heard           Roberts Lipsbergs        Kirill Marchenko         20     0   2  3  
 4 Shane Bowers             Brett Pollock            Tyce Thompson            10     0   2  3  

5 vs 5 Defense 
   Defense                  Defense                                           Time % Phy DF OF 
 1 Timothy Liljegren        John Draeger                                      40     0   2  3  
 2 Kale Clague              Viktor Baldayev                                   30     0   2  3  
 3 Michael Anderson         Jordan Harris                                     20     0   2  3  
 4 Timothy Liljegren        John Draeger                                      10     0   2  3  

PowerPlay Forward 
   Center                   Left Wing                Right Wing               Time % Phy DF OF 
 1 Dylan Gambrell           Andrei Svechnikov        Patrick Brown            60     0   1  4  
 2 Nick Abruzzese           Grigori Denisenko        Kirill Marchenko         40     0   1  4  

PowerPlay Defense
   Defense                  Defense                                           Time % Phy DF OF 
 1 Timothy Liljegren        John Draeger                                      60     0   2  3  
 2 Kale Clague              Michael Anderson                                  40     0   2  3  

Penalty Kill 4 Players Forward 
   Center                   Wing                     Time % Phy DF OF 
 1 Mitchell Heard           Patrick Brown            60     0   3  2  
 2 Dylan Gambrell           Austin Poganski          40     0   3  2  

Penalty Kill 4 Players Defense
   Defense                  Defense                  Time % Phy DF OF 
 1 Timothy Liljegren        John Draeger             60     0   4  1  
 2 Kale Clague              Viktor Baldayev          40     0   4  1  

Penalty Kill - 3 Players Forward 
   Forward                                           Time % Phy DF OF 
 1 Patrick Brown                                     60     0   3  2  
 2 Mitchell Heard                                    40     0   3  2  

Penalty Kill - 3 Players Defense
   Defense                  Defense                  Time % Phy DF OF 
 1 Timothy Liljegren        John Draeger             60     0   4  1  
 2 Kale Clague              Viktor Baldayev          40     0   4  1  

4 vs 4 Forward 
   Center                   Wing                     Time % Phy DF OF 
 1 Dylan Gambrell           Andrei Svechnikov        60     0   2  3  
 2 Nick Abruzzese           Patrick Brown            40     0   2  3  

4 vs 4 Defense
   Defense                  Defense                  Time % Phy DF OF 
 1 Timothy Liljegren        John Draeger             60     0   2  3  
 2 Kale Clague              Viktor Baldayev          40     0   2  3  

Last Minutes Offensive
   Center                   Left Wing                Right Wing               Defense                  Defense                  
   Dylan Gambrell           Andrei Svechnikov        Patrick Brown            Timothy Liljegren        Kale Clague              

Last Minutes Defensive
   Center                   Left Wing                Right Wing               Defense                  Defense                  
   Mitchell Heard           Roberts Lipsbergs        Patrick Brown            John Draeger             Viktor Baldayev          

Goaltenders
Starting : Joseph Woll              
Backup : Ivan Prosvetov           

Extra Forwards
Normal : Nick Abruzzese, Andrei Svechnikov, Dylan Gambrell - PP : Kirill Marchenko, Andrei Svechnikov - PK : Patrick Brown
Extra Defensemen
Normal : Kale Clague, Timothy Liljegren, John Draeger - PP : Michael Anderson - PK : Viktor Baldayev, John Draeger
Penalty Shots
Andrei Svechnikov, Patrick Brown, Roberts Lipsbergs, Nick Abruzzese, Shane Bowers
Custom OT Lines Forwards
Dylan Gambrell, Andrei Svechnikov, Patrick Brown, Grigori Denisenko, Kirill Marchenko, Nick Abruzzese, Mitchell Heard, Brett Pollock, Roberts Lipsbergs, Shane Bowers
Custom OT Lines Defensemen
Timothy Liljegren, Kale Clague, John Draeger, Viktor Baldayev, Michael Anderson

Scratches
Jared McIsaac (Healthy), Mikhail Abramov (Healthy), Mattias Norlinder (Healthy), Nathan Legare (Healthy), Kirill Ustimenko (Healthy)

% Time on Ice - Crunch

Lines # - Real PCT - Wanted PCT - Time Play
Normal Forward
1 - 30% - 40% - 12:53
2 - 27% - 30% - 11:36
3 - 25% - 20% - 10:33
4 - 17% - 10% - 7:16
Normal Defense
1 - 40% - 40% - 16:51
2 - 28% - 30% - 11:42
3 - 28% - 20% - 11:52
4 - 4% - 10% - 1:53
PP Forward
1 - 58% - 60% - 5:13
2 - 42% - 40% - 3:45
PP Defense
1 - 57% - 60% - 5:07
2 - 43% - 40% - 3:51
PK Forward
1 - 88% - 60% - 4:59
2 - 12% - 40% - 0:40
PK Defense
1 - 67% - 60% - 3:46
2 - 33% - 40% - 1:53
PK3 Forward
1 - 78% - 60% - 1:00
2 - 22% - 40% - 0:17
PK3 Defense
1 - 65% - 60% - 0:50
2 - 35% - 40% - 0:27
44 Forward
1 - 100% - 60% - 1:52
2 - 0% - 40% - 0:00
44 Defense
1 - 54% - 60% - 1:01
2 - 46% - 40% - 0:51
Last Minute Offensive  - 0:00
Last Minute Defensive  - 0:00
Total
Forward - 60:04
Defense - 60:04

% Time on Ice - Checkers

Lines # - Real PCT - Wanted PCT - Time Play
Normal Forward
1 - 30% - 40% - 12:46
2 - 26% - 30% - 11:03
3 - 22% - 20% - 9:11
4 - 22% - 10% - 9:18
Normal Defense
1 - 42% - 40% - 17:45
2 - 26% - 30% - 10:58
3 - 27% - 20% - 11:28
4 - 5% - 10% - 2:07
PP Forward
1 - 56% - 60% - 3:52
2 - 44% - 40% - 3:00
PP Defense
1 - 91% - 60% - 6:15
2 - 9% - 40% - 0:37
PK Forward
1 - 78% - 60% - 6:59
2 - 22% - 40% - 1:59
PK Defense
1 - 73% - 60% - 6:35
2 - 27% - 40% - 2:23
PK3 Forward
1 - 0% - 60%
2 - 0% - 40%
PK3 Defense
1 - 0% - 60%
2 - 0% - 40%
44 Forward
1 - 100% - 60% - 1:56
2 - 0% - 40% - 0:00
44 Defense
1 - 100% - 60% - 1:56
2 - 0% - 40% - 0:00
Last Minute Offensive  - 0:00
Last Minute Defensive  - 0:00
Total
Forward - 60:04
Defense - 60:04

Play-by-Play

1st period


0:01 of 1st period - Jean-Sebastien Dea wins face-off versus Dylan Gambrell in neutral zone.
0:06 of 1st period - Wrist shot by Jeremy Bracco.
0:06 of 1st period - Deflect By Jean-Sebastien Dea.
0:06 of 1st period - Stopped by Joseph Woll with a rebound.
0:10 of 1st period - Snap shot by Jeremy Bracco.
0:10 of 1st period - Shot Misses the Net.
0:16 of 1st period - Wrist shot by Jeremy Bracco.
0:16 of 1st period - Stopped by Joseph Woll with a rebound.
1:28 of 1st period - Slapshot by Kale Clague.
1:28 of 1st period - Shot Misses the Net.
2:37 of 1st period - Snap shot by Jean-Sebastien Dea.
2:37 of 1st period - Shot Blocked by Timothy Liljegren.
3:05 of 1st period - Kale Clague is hit by Connor Bunnaman and loses puck.
3:26 of 1st period - Slapshot by Andrei Svechnikov.
3:26 of 1st period - Stopped by Ukko-Pekka Luukkonen with a rebound.
3:54 of 1st period - Snap shot by Maxime Comtois.
3:54 of 1st period - Shot Misses the Net.
4:04 of 1st period - Joe Veleno is hit by Shane Bowers and loses puck.
4:11 of 1st period - Snap shot by Shane Bowers.
4:11 of 1st period - Stopped by Ukko-Pekka Luukkonen with a rebound.
4:13 of 1st period - Snap shot by Brett Pollock.
4:13 of 1st period - Stopped by Ukko-Pekka Luukkonen with a rebound.
4:15 of 1st period - Snap shot by Tyce Thompson.
4:15 of 1st period - Stopped by Ukko-Pekka Luukkonen with a rebound.
4:25 of 1st period - Scott Perunovich is hit by Andrei Svechnikov and loses puck.
4:30 of 1st period - Slapshot by Andrei Svechnikov.
4:30 of 1st period - Shot Blocked by Thomas Harley.
4:32 of 1st period - Snap shot by John Draeger.
4:32 of 1st period - Stopped by Ukko-Pekka Luukkonen without a rebound.
4:33 of 1st period - Jean-Sebastien Dea wins face-off versus Nick Abruzzese in Crunch zone.
4:38 of 1st period - Wrist shot by Jean-Sebastien Dea.
4:38 of 1st period - Shot Misses the Net.
4:48 of 1st period - Wrist shot by Nick Abruzzese.
4:48 of 1st period - Stopped by Ukko-Pekka Luukkonen without a rebound.
4:49 of 1st period - Connor Bunnaman wins face-off versus Dylan Gambrell in Crunch zone.
4:58 of 1st period - Slapshot by Dylan Gambrell.
4:58 of 1st period - Shot Misses the Net.
5:04 of 1st period - Wrist shot by Andrei Svechnikov.
5:04 of 1st period - Shot Misses the Net.
5:59 of 1st period - Joe Veleno is hit by Dylan Gambrell and loses puck.
6:28 of 1st period - Wrist shot by Shane Bowers.
6:28 of 1st period - Shot Misses the Net.
6:46 of 1st period - Connor Bunnaman is hit by Grigori Denisenko and loses puck.
8:06 of 1st period - Wrist shot by Connor Bunnaman.
8:06 of 1st period - Shot Misses the Net.
8:20 of 1st period - Wrist shot by Kirill Marchenko.
8:20 of 1st period - Stopped by Ukko-Pekka Luukkonen with a rebound.
9:41 of 1st period - Kale Clague is hit by Adam Boqvist.
10:02 of 1st period - Maxime Comtois is hit by Dylan Gambrell and loses puck.
10:11 of 1st period - Patrick Brown is hit by Maxime Comtois and loses puck.
11:01 of 1st period - Snap shot by Ty Dellandrea.
11:01 of 1st period - Stopped by Joseph Woll with a rebound.
11:13 of 1st period - Slapshot by Anatoli Golyshev.
11:13 of 1st period - Shot Misses the Net.
11:52 of 1st period - Jordan Harris is hit by Liam Foudy and loses puck.
12:15 of 1st period - Kale Clague is hit by Maxime Comtois and loses puck.
12:35 of 1st period - Gustav Lindstrom is hit by Mitchell Heard and loses puck.
12:50 of 1st period - Anatoli Golyshev is hit by Grigori Denisenko and loses puck.
13:20 of 1st period - Nils Lundkvist is hit by Kirill Marchenko and loses puck.
13:52 of 1st period - Slapshot by Connor Bunnaman.
13:52 of 1st period - Stopped by Joseph Woll with a rebound.
13:54 of 1st period - Slapshot by Anatoli Golyshev.
13:54 of 1st period - Stopped by Joseph Woll without a rebound.
13:55 of 1st period - Connor Bunnaman wins face-off versus Nick Abruzzese in Checkers zone.
14:04 of 1st period - Wrist shot by Michael Joly.
14:04 of 1st period - Stopped by Joseph Woll with a rebound.
14:06 of 1st period - Wrist shot by Anatoli Golyshev.
14:06 of 1st period - Stopped by Joseph Woll without a rebound.
14:07 of 1st period - Jean-Sebastien Dea wins face-off versus Dylan Gambrell in Checkers zone.
14:56 of 1st period - Anatoli Golyshev is hit by Grigori Denisenko and loses puck.
15:56 of 1st period - Backhand shot by Joe Veleno.
15:56 of 1st period - Shot Blocked by Timothy Liljegren.
16:17 of 1st period - Minor Penalty to Mitchell Heard for Cross-checking.
16:18 of 1st period - Dylan Gambrell wins face-off versus Jean-Sebastien Dea in Checkers zone.
16:25 of 1st period - Off-side.
16:26 of 1st period - Jean-Sebastien Dea wins face-off versus Dylan Gambrell in neutral zone.
18:17 of 1st period - Penalty to Mitchell Heard is over, Mitchell Heard is back on ice.
19:37 of 1st period - Wrist shot by Austin Poganski.
19:37 of 1st period - Deflect By Patrick Brown.
19:37 of 1st period - Shot Misses the Net.
19:37 of 1st period - Puck is out of play.
19:38 of 1st period - Joe Veleno wins face-off versus Dylan Gambrell in Crunch zone.
19:38 of 1st period - Joe Veleno is hit by Andrei Svechnikov.
19:49 of 1st period - Minor Penalty to John Draeger for Hooking.
19:50 of 1st period - Mitchell Heard wins face-off versus Jean-Sebastien Dea in Checkers zone.
Goals for this period are 0 for Crunch vs 0 for Checkers.
Shots for this period are 7 for Crunch vs 7 for Checkers.

2nd period


0:01 of 2nd period - Mitchell Heard wins face-off versus Jean-Sebastien Dea in neutral zone.
0:04 of 2nd period - Jean-Sebastien Dea is hit by Viktor Baldayev and loses puck.
0:25 of 2nd period - Viktor Baldayev is hit by Connor Bunnaman and loses puck.
0:32 of 2nd period - Wrist shot by Connor Bunnaman.
0:32 of 2nd period - Shot Blocked by Timothy Liljegren.
0:34 of 2nd period - Wrist shot by Gustav Lindstrom.
0:34 of 2nd period - Goal by Gustav Lindstrom - Crunch : 1 - Checkers : 0.
0:35 of 2nd period - Jean-Sebastien Dea wins face-off versus Patrick Brown in neutral zone.
1:09 of 2nd period - Icing by Ryan Lindgren.
1:10 of 2nd period - Connor Bunnaman wins face-off versus Nick Abruzzese in Crunch zone.
1:23 of 2nd period - Snap shot by Anatoli Golyshev.
1:23 of 2nd period - Stopped by Joseph Woll with a rebound.
1:41 of 2nd period - Snap shot by Anatoli Golyshev.
1:41 of 2nd period - Stopped by Joseph Woll without a rebound.
1:42 of 2nd period - Jean-Sebastien Dea wins face-off versus Dylan Gambrell in Checkers zone.
1:53 of 2nd period - Wrist shot by Patrick Brown.
1:53 of 2nd period - Stopped by Ukko-Pekka Luukkonen without a rebound.
1:54 of 2nd period - Dylan Gambrell wins face-off versus Jean-Sebastien Dea in Crunch zone.
1:54 of 2nd period - Timothy Liljegren is hit by Nils Lundkvist and loses puck.
1:57 of 2nd period - Slapshot by John Draeger.
1:57 of 2nd period - Stopped by Ukko-Pekka Luukkonen with a rebound.
2:21 of 2nd period - Grigori Denisenko is hit by Michael Joly.
2:27 of 2nd period - Backhand shot by Anatoli Golyshev.
2:27 of 2nd period - Stopped by Joseph Woll with a rebound.
2:45 of 2nd period - Gustav Lindstrom is hit by Brett Pollock and loses puck.
3:02 of 2nd period - Ty Dellandrea is hit by Dylan Gambrell.
4:05 of 2nd period - Slapshot by Kale Clague.
4:05 of 2nd period - Shot Misses the Net.
4:07 of 2nd period - Wrist shot by Brett Pollock.
4:07 of 2nd period - Stopped by Ukko-Pekka Luukkonen with a rebound.
4:15 of 2nd period - Backhand shot by Shane Bowers.
4:15 of 2nd period - Shot Misses the Net.
4:21 of 2nd period - Liam Foudy is hit by Tyce Thompson and loses puck.
4:36 of 2nd period - Slapshot by Patrick Brown.
4:36 of 2nd period - Stopped by Ukko-Pekka Luukkonen without a rebound.
4:37 of 2nd period - Dylan Gambrell wins face-off versus Jean-Sebastien Dea in Crunch zone.
4:38 of 2nd period - Snap shot by Andrei Svechnikov.
4:38 of 2nd period - Shot Misses the Net.
5:04 of 2nd period - Anatoli Golyshev is hit by Nick Abruzzese and loses puck.
5:32 of 2nd period - Jordan Harris is hit by Liam Foudy and loses puck.
5:50 of 2nd period - Backhand shot by Brett Pollock.
5:50 of 2nd period - Goal by Brett Pollock - Crunch : 1 - Checkers : 1.
5:51 of 2nd period - Andrei Svechnikov wins face-off versus Jean-Sebastien Dea in neutral zone.
5:58 of 2nd period - Snap shot by Andrei Svechnikov.
5:58 of 2nd period - Stopped by Ukko-Pekka Luukkonen with a rebound.
6:16 of 2nd period - Connor Bunnaman is hit by Grigori Denisenko and loses puck.
6:41 of 2nd period - Wrist shot by Brandon Biro.
6:41 of 2nd period - Stopped by Joseph Woll with a rebound.
6:59 of 2nd period - Slapshot by Dylan Gambrell.
6:59 of 2nd period - Shot Blocked by Ryan Lindgren.
7:01 of 2nd period - Snap shot by Dylan Gambrell.
7:01 of 2nd period - Shot Misses the Net.
7:34 of 2nd period - Brett Pollock is hit by Ryan Lindgren and loses puck.
7:45 of 2nd period - Brett Pollock is hit by Gustav Lindstrom.
8:13 of 2nd period - Minor Penalty to Dylan Gambrell for Cross-checking.
8:14 of 2nd period - Jean-Sebastien Dea wins face-off versus Mitchell Heard in Checkers zone.
8:17 of 2nd period - Slapshot by Maxime Comtois.
8:17 of 2nd period - Shot Blocked by John Draeger.
8:17 of 2nd period - John Draeger from Checkers is injured at 8:17 of 2nd period (Left Knee).
8:18 of 2nd period - Jean-Sebastien Dea wins face-off versus Mitchell Heard in Checkers zone.
8:51 of 2nd period - Snap shot by Gustav Lindstrom.
8:51 of 2nd period - Deflect By Viktor Baldayev.
8:51 of 2nd period - Stopped by Joseph Woll with a rebound.
8:53 of 2nd period - Snap shot by Connor Bunnaman.
8:53 of 2nd period - Shot Misses the Net.
10:13 of 2nd period - Penalty to Dylan Gambrell is over, Dylan Gambrell is back on ice.
10:33 of 2nd period - Slapshot by Liam Foudy.
10:33 of 2nd period - Shot Blocked by Viktor Baldayev.
10:35 of 2nd period - Slapshot by Nils Lundkvist.
10:35 of 2nd period - Deflect By Kale Clague.
10:35 of 2nd period - Stopped by Joseph Woll without a rebound.
10:36 of 2nd period - Dylan Gambrell wins face-off versus Cam Hillis in Checkers zone.
10:57 of 2nd period - Slapshot by Liam Foudy.
10:57 of 2nd period - Stopped by Joseph Woll with a rebound.
10:59 of 2nd period - Snap shot by Liam Foudy.
10:59 of 2nd period - Shot Blocked by Michael Anderson.
12:06 of 2nd period - Patrick Brown is hit by Anatoli Golyshev and loses puck.
12:15 of 2nd period - Backhand shot by Dylan Gambrell.
12:15 of 2nd period - Shot Blocked by Anatoli Golyshev.
12:27 of 2nd period - Snap shot by Liam Foudy.
12:27 of 2nd period - Shot Misses the Net.
12:29 of 2nd period - Snap shot by Brandon Biro.
12:29 of 2nd period - Stopped by Joseph Woll with a rebound.
12:31 of 2nd period - Snap shot by Liam Foudy.
12:31 of 2nd period - Stopped by Joseph Woll without a rebound.
12:32 of 2nd period - Dylan Gambrell wins face-off versus Jean-Sebastien Dea in Checkers zone.
12:32 of 2nd period - Dylan Gambrell is hit by Jeremy Bracco.
12:53 of 2nd period - Minor Penalty to Kale Clague for Interference.
12:54 of 2nd period - Jean-Sebastien Dea wins face-off versus Mitchell Heard in Checkers zone.
13:27 of 2nd period - Slapshot by Adam Boqvist.
13:27 of 2nd period - Shot Misses the Net.
14:53 of 2nd period - Penalty to Kale Clague is over, Kale Clague is back on ice.
15:09 of 2nd period - Liam Foudy is hit by Mitchell Heard and loses puck.
15:27 of 2nd period - Minor Penalty to Brandon Biro for High sticking.
15:28 of 2nd period - Patrick Brown wins face-off versus Jean-Sebastien Dea in Crunch zone.
15:43 of 2nd period - Gustav Lindstrom is hit by Timothy Liljegren and loses puck.
16:13 of 2nd period - Minor Penalty to Anatoli Golyshev for Cross-checking.
16:14 of 2nd period - Jean-Sebastien Dea wins face-off versus Andrei Svechnikov in Crunch zone.
17:03 of 2nd period - Michael Anderson is hit by Nils Lundkvist and loses puck.
17:27 of 2nd period - Penalty to Brandon Biro is over, Brandon Biro is back on ice.
17:47 of 2nd period - Icing by Kirill Marchenko.
17:48 of 2nd period - Nick Abruzzese wins face-off versus Jean-Sebastien Dea in Checkers zone.
18:13 of 2nd period - Penalty to Anatoli Golyshev is over, Anatoli Golyshev is back on ice.
18:32 of 2nd period - Minor Penalty to Brett Pollock for Holding.
18:33 of 2nd period - Mitchell Heard wins face-off versus Jean-Sebastien Dea in Checkers zone.
18:39 of 2nd period - Minor Penalty to Maxime Comtois for Boarding.
18:40 of 2nd period - Jean-Sebastien Dea wins face-off versus Dylan Gambrell in Crunch zone.
18:55 of 2nd period - Slapshot by Kale Clague.
18:55 of 2nd period - Shot Blocked by Ryan Lindgren.
19:30 of 2nd period - Snap shot by Nick Abruzzese.
19:30 of 2nd period - Stopped by Ukko-Pekka Luukkonen with a rebound.
Goals for this period are 1 for Crunch vs 1 for Checkers.
Shots for this period are 10 for Crunch vs 7 for Checkers.

3rd period


0:01 of 3rd period - Jean-Sebastien Dea wins face-off versus Dylan Gambrell in neutral zone.
0:08 of 3rd period - Wrist shot by Jean-Sebastien Dea.
0:08 of 3rd period - Deflect By Anatoli Golyshev.
0:08 of 3rd period - Stopped by Joseph Woll with a rebound.
0:10 of 3rd period - Wrist shot by Jean-Sebastien Dea.
0:10 of 3rd period - Stopped by Joseph Woll with a rebound.
0:12 of 3rd period - Wrist shot by Jean-Sebastien Dea.
0:12 of 3rd period - Shot Misses the Net.
0:14 of 3rd period - Slapshot by Anatoli Golyshev.
0:14 of 3rd period - Stopped by Joseph Woll without a rebound.
0:15 of 3rd period - Jean-Sebastien Dea wins face-off versus Dylan Gambrell in Checkers zone.
0:32 of 3rd period - Penalty to Brett Pollock is over, Brett Pollock is back on ice.
0:39 of 3rd period - Penalty to Maxime Comtois is over, Maxime Comtois is back on ice.
0:50 of 3rd period - Snap shot by Andrei Svechnikov.
0:50 of 3rd period - Shot Misses the Net.
1:22 of 3rd period - Snap shot by Dylan Gambrell.
1:22 of 3rd period - Shot Blocked by Ryan Lindgren.
1:47 of 3rd period - Snap shot by Anatoli Golyshev.
1:47 of 3rd period - Shot Misses the Net.
1:49 of 3rd period - Slapshot by Jean-Sebastien Dea.
1:49 of 3rd period - Shot Blocked by Timothy Liljegren.
1:51 of 3rd period - Slapshot by Maxime Comtois.
1:51 of 3rd period - Shot Misses the Net.
1:53 of 3rd period - Snap shot by Jean-Sebastien Dea.
1:53 of 3rd period - Shot Misses the Net.
2:00 of 3rd period - Icing by Andrei Svechnikov.
2:01 of 3rd period - Dylan Cozens wins face-off versus Dylan Gambrell in Checkers zone.
3:06 of 3rd period - Cam Hillis is hit by Grigori Denisenko and loses puck.
8:18 of 3rd period - Minor Penalty to Anatoli Golyshev for Delaying the game.
8:19 of 3rd period - Nick Abruzzese wins face-off versus Jean-Sebastien Dea in Crunch zone.
8:24 of 3rd period - Slapshot by Timothy Liljegren.
8:24 of 3rd period - Goal by Timothy Liljegren - Crunch : 1 - Checkers : 2.
8:25 of 3rd period - Dylan Gambrell wins face-off versus Jean-Sebastien Dea in neutral zone.
8:52 of 3rd period - Connor Bunnaman is hit by Grigori Denisenko and loses puck.
9:21 of 3rd period - Brandon Biro is hit by Shane Bowers and loses puck.
9:35 of 3rd period - Off-side.
9:36 of 3rd period - Jean-Sebastien Dea wins face-off versus Mitchell Heard in neutral zone.
9:47 of 3rd period - Backhand shot by Maxime Comtois.
9:47 of 3rd period - Stopped by Joseph Woll without a rebound.
9:48 of 3rd period - Dylan Gambrell wins face-off versus Jeremy Bracco in Checkers zone.
9:50 of 3rd period - Minor Penalty to Viktor Baldayev for Holding.
9:51 of 3rd period - Mitchell Heard wins face-off versus Jean-Sebastien Dea in Checkers zone.
10:01 of 3rd period - Timothy Liljegren is hit by Jeremy Bracco and loses puck.
11:50 of 3rd period - Penalty to Viktor Baldayev is over, Viktor Baldayev is back on ice.
12:03 of 3rd period - Wrist shot by Nick Abruzzese.
12:03 of 3rd period - Stopped by Ukko-Pekka Luukkonen with a rebound.
12:05 of 3rd period - Slapshot by Jordan Harris.
12:05 of 3rd period - Stopped by Ukko-Pekka Luukkonen without a rebound.
12:06 of 3rd period - Cam Hillis wins face-off versus Nick Abruzzese in Crunch zone.
12:06 of 3rd period - Cam Hillis is hit by Grigori Denisenko.
12:12 of 3rd period - Slapshot by Thomas Harley.
12:12 of 3rd period - Deflect By Nick Abruzzese.
12:12 of 3rd period - Stopped by Joseph Woll with a rebound.
12:19 of 3rd period - Kale Clague is hit by Thomas Harley and loses puck.
12:55 of 3rd period - Snap shot by Anatoli Golyshev.
12:55 of 3rd period - Stopped by Joseph Woll without a rebound.
12:56 of 3rd period - Connor Bunnaman wins face-off versus Nick Abruzzese in Checkers zone.
13:24 of 3rd period - Roberts Lipsbergs is hit by Maxime Comtois and loses puck.
13:35 of 3rd period - Snap shot by Jeremy Bracco.
13:35 of 3rd period - Shot Blocked by Jordan Harris.
13:41 of 3rd period - Minor Penalty to Michael Anderson for Elbowing.
13:42 of 3rd period - Jean-Sebastien Dea wins face-off versus Mitchell Heard in Checkers zone.
13:47 of 3rd period - Wrist shot by Jeremy Bracco.
13:47 of 3rd period - Shot Blocked by Viktor Baldayev.
13:49 of 3rd period - Snap shot by Maxime Comtois.
13:49 of 3rd period - Stopped by Joseph Woll without a rebound.
13:50 of 3rd period - Jean-Sebastien Dea wins face-off versus Mitchell Heard in Checkers zone.
13:51 of 3rd period - Wrist shot by Jeremy Bracco.
13:51 of 3rd period - Goal by Jeremy Bracco - Crunch : 2 - Checkers : 2.
13:52 of 3rd period - Dylan Gambrell wins face-off versus Jean-Sebastien Dea in neutral zone.
14:19 of 3rd period - Wrist shot by Mitchell Heard.
14:19 of 3rd period - Shot Blocked by Gustav Lindstrom.
14:21 of 3rd period - Snap shot by Roberts Lipsbergs.
14:21 of 3rd period - Goal by Roberts Lipsbergs - Crunch : 2 - Checkers : 3.
14:22 of 3rd period - Patrick Brown wins face-off versus Jean-Sebastien Dea in neutral zone.
14:27 of 3rd period - Slapshot by Andrei Svechnikov.
14:27 of 3rd period - Shot Misses the Net.
14:29 of 3rd period - Minor Penalty to Jean-Sebastien Dea for Slashing.
14:30 of 3rd period - Dylan Gambrell wins face-off versus Anatoli Golyshev in Crunch zone.
14:37 of 3rd period - Snap shot by Patrick Brown.
14:37 of 3rd period - Stopped by Ukko-Pekka Luukkonen without a rebound.
14:38 of 3rd period - Dylan Gambrell wins face-off versus Maxime Comtois in Crunch zone.
14:39 of 3rd period - Slapshot by Andrei Svechnikov.
14:39 of 3rd period - Deflect By Patrick Brown.
14:39 of 3rd period - Stopped by Ukko-Pekka Luukkonen with a rebound.
14:41 of 3rd period - Wrist shot by Patrick Brown.
14:41 of 3rd period - Stopped by Ukko-Pekka Luukkonen with a rebound.
14:43 of 3rd period - Snap shot by Andrei Svechnikov.
14:43 of 3rd period - Shot Misses the Net.
14:45 of 3rd period - Snap shot by Dylan Gambrell.
14:45 of 3rd period - Stopped by Ukko-Pekka Luukkonen without a rebound.
14:46 of 3rd period - Dylan Gambrell wins face-off versus Anatoli Golyshev in Crunch zone.
14:58 of 3rd period - Snap shot by Dylan Gambrell.
14:58 of 3rd period - Shot Blocked by Maxime Comtois.
15:00 of 3rd period - Snap shot by Patrick Brown.
15:00 of 3rd period - Shot Misses the Net.
15:02 of 3rd period - Slapshot by Timothy Liljegren.
15:02 of 3rd period - Stopped by Ukko-Pekka Luukkonen with a rebound.
15:30 of 3rd period - Joe Veleno is hit by Timothy Liljegren and loses puck.
16:06 of 3rd period - Joe Veleno is hit by Dylan Gambrell and loses puck.
16:23 of 3rd period - Ryan Lindgren is hit by Grigori Denisenko and loses puck.
16:29 of 3rd period - Penalty to Jean-Sebastien Dea is over, Jean-Sebastien Dea is back on ice.
16:36 of 3rd period - Slapshot by Gustav Lindstrom.
16:36 of 3rd period - Deflect By Michael Joly.
16:36 of 3rd period - Shot Misses the Net.
16:36 of 3rd period - Puck is out of play.
16:37 of 3rd period - Shane Bowers wins face-off versus Connor Bunnaman in Checkers zone.
16:48 of 3rd period - Connor Bunnaman is hit by Shane Bowers and loses puck.
17:17 of 3rd period - Shane Bowers is hit by Michael Joly and loses puck.
17:30 of 3rd period - Snap shot by Connor Bunnaman.
17:30 of 3rd period - Shot Blocked by Kale Clague.
17:32 of 3rd period - Snap shot by Thomas Harley.
17:32 of 3rd period - Shot Blocked by Viktor Baldayev.
17:34 of 3rd period - Snap shot by Anatoli Golyshev.
17:34 of 3rd period - Stopped by Joseph Woll with a rebound.
17:36 of 3rd period - Slapshot by Michael Joly.
17:36 of 3rd period - Shot Misses the Net.
17:38 of 3rd period - Snap shot by Michael Joly.
17:38 of 3rd period - Stopped by Joseph Woll without a rebound.
17:39 of 3rd period - Mitchell Heard wins face-off versus Dylan Cozens in Checkers zone.
17:39 of 3rd period - Mitchell Heard is hit by Dylan Cozens.
17:51 of 3rd period - Slapshot by Liam Foudy.
17:51 of 3rd period - Stopped by Joseph Woll with a rebound.
17:53 of 3rd period - Slapshot by Gustav Lindstrom.
17:53 of 3rd period - Deflect By Liam Foudy.
17:53 of 3rd period - Goal by Liam Foudy - Crunch : 3 - Checkers : 3.
17:54 of 3rd period - Mitchell Heard wins face-off versus Dylan Cozens in neutral zone.
17:57 of 3rd period - Slapshot by Kale Clague.
17:57 of 3rd period - Stopped by Ukko-Pekka Luukkonen with a rebound.
18:04 of 3rd period - Minor Penalty to Brandon Biro for Delaying the game.
18:05 of 3rd period - Jean-Sebastien Dea wins face-off versus Dylan Gambrell in Crunch zone.
19:18 of 3rd period - Icing by Timothy Liljegren.
19:19 of 3rd period - Nick Abruzzese wins face-off versus Jean-Sebastien Dea in Checkers zone.
Goals for this period are 2 for Crunch vs 2 for Checkers.
Shots for this period are 12 for Crunch vs 10 for Checkers.

Overtime #1


0:01 of 1st overtime period - Jean-Sebastien Dea wins face-off versus Dylan Gambrell in neutral zone.
0:04 of 1st overtime period - Penalty to Brandon Biro is over, Brandon Biro is back on ice.
0:40 of 1st overtime period - Slapshot by Patrick Brown.
0:40 of 1st overtime period - Shot Blocked by Gustav Lindstrom.
0:42 of 1st overtime period - Snap shot by Patrick Brown.
0:42 of 1st overtime period - Stopped by Ukko-Pekka Luukkonen without a rebound.
0:43 of 1st overtime period - Dylan Gambrell wins face-off versus Jean-Sebastien Dea in Crunch zone.
0:44 of 1st overtime period - Slapshot by Timothy Liljegren.
0:44 of 1st overtime period - Stopped by Ukko-Pekka Luukkonen with a rebound.
0:51 of 1st overtime period - Off-side.
0:52 of 1st overtime period - Dylan Gambrell wins face-off versus Jean-Sebastien Dea in neutral zone.
0:57 of 1st overtime period - Snap shot by Andrei Svechnikov.
0:57 of 1st overtime period - Shot Blocked by Nils Lundkvist.
1:05 of 1st overtime period - Slapshot by Nils Lundkvist.
1:05 of 1st overtime period - Shot Misses the Net.
1:25 of 1st overtime period - Slapshot by Maxime Comtois.
1:25 of 1st overtime period - Shot Misses the Net.
1:33 of 1st overtime period - Wrist shot by Jean-Sebastien Dea.
1:33 of 1st overtime period - Shot Blocked by Timothy Liljegren.
1:35 of 1st overtime period - Wrist shot by Jean-Sebastien Dea.
1:35 of 1st overtime period - Deflect By Dylan Gambrell.
1:35 of 1st overtime period - Shot Misses the Net.
1:35 of 1st overtime period - Puck is out of play.
1:36 of 1st overtime period - Jeremy Bracco wins face-off versus Patrick Brown in Checkers zone.
1:39 of 1st overtime period - Slapshot by Connor Bunnaman.
1:39 of 1st overtime period - Shot Misses the Net.
1:41 of 1st overtime period - Snap shot by Jeremy Bracco.
1:41 of 1st overtime period - Shot Blocked by Grigori Denisenko.
1:43 of 1st overtime period - Wrist shot by Connor Bunnaman.
1:43 of 1st overtime period - Deflect By Jeremy Bracco.
1:43 of 1st overtime period - Shot Misses the Net.
1:43 of 1st overtime period - Puck is out of play.
1:44 of 1st overtime period - Jeremy Bracco wins face-off versus Patrick Brown in Checkers zone.
1:55 of 1st overtime period - Snap shot by Connor Bunnaman.
1:55 of 1st overtime period - Shot Blocked by Kale Clague.
1:57 of 1st overtime period - Snap shot by Connor Bunnaman.
1:57 of 1st overtime period - Stopped by Joseph Woll with a rebound.
2:23 of 1st overtime period - Snap shot by Connor Bunnaman.
2:23 of 1st overtime period - Shot Misses the Net.
2:25 of 1st overtime period - Slapshot by Ryan Lindgren.
2:25 of 1st overtime period - Stopped by Joseph Woll with a rebound.
2:27 of 1st overtime period - Snap shot by Jeremy Bracco.
2:27 of 1st overtime period - Shot Misses the Net.
2:29 of 1st overtime period - Slapshot by Ryan Lindgren.
2:29 of 1st overtime period - Deflect By Patrick Brown.
2:29 of 1st overtime period - Stopped by Joseph Woll with a rebound.
2:37 of 1st overtime period - Wrist shot by Connor Bunnaman.
2:37 of 1st overtime period - Shot Misses the Net.
2:39 of 1st overtime period - Snap shot by Connor Bunnaman.
2:39 of 1st overtime period - Shot Misses the Net.
2:41 of 1st overtime period - Wrist shot by Jeremy Bracco.
2:41 of 1st overtime period - Stopped by Joseph Woll with a rebound.
2:43 of 1st overtime period - Snap shot by Jeremy Bracco.
2:43 of 1st overtime period - Shot Misses the Net.
2:49 of 1st overtime period - Backhand shot by Connor Bunnaman.
2:49 of 1st overtime period - Shot Blocked by Grigori Denisenko.
2:51 of 1st overtime period - Snap shot by Jeremy Bracco.
2:51 of 1st overtime period - Shot Misses the Net.
2:53 of 1st overtime period - Slapshot by Connor Bunnaman.
2:53 of 1st overtime period - Shot Blocked by Kale Clague.
3:19 of 1st overtime period - Slapshot by Kale Clague.
3:19 of 1st overtime period - Shot Misses the Net.
3:29 of 1st overtime period - Snap shot by Connor Bunnaman.
3:29 of 1st overtime period - Goal by Connor Bunnaman - Crunch : 4 - Checkers : 3.
Goals for this period are 1 for Crunch vs 0 for Checkers.
Shots for this period are 5 for Crunch vs 2 for Checkers. Output by the SimonT Hockey Simulator (STHS) for Francois Prevost - Original Page W3C HTML5 Valid
Hockey Simulator - Hockey Simulation - Hockey Manager